 Dungeon Crawl Stone Soup version 0.23.2-1-ga50397a (webtiles) character file.

Game seed: 13987168314031838595

424 Kahibar the Chopper (level 6, -5/53 HPs)
             Began as a Hill Orc Fighter on May 11, 2019.
             Slain by an ogre
             ... wielding a +0 giant club
              (14 damage)
             ... on level 4 of the Dungeon.
             The game lasted 01:07:36 (5374 turns).

Kahibar the Chopper (Hill Orc Fighter)              Turns: 5374, Time: 01:07:37

Health: -5/53      AC:  8    Str: 20    XL:     6   Next: 96%
Magic:  0/6        EV:  8    Int:  8    God:
Gold:   243        SH:  9    Dex: 11    Spells: 5/5 levels left

rFire    . . .     SeeInvis .   a - +0 war axe
rCold    . . .     Gourm    .   c - +0 shield
rNeg     . . .     Faith    .   b - +0 scale mail
rPois    .         Spirit   +   (no helmet)
rElec    .         Reflect  .   (no cloak)
rCorr    .         Harm     .   t - +0 pair of gloves
MR       .....                  (no boots)
Stlth    ..........             q - amulet of guardian spirit
HPRegen  0.17/turn              (no ring)
MPRegen  0.10/turn              (no ring)

@: no status effects
A: no striking features
a: no special abilities


You were on level 4 of the Dungeon.
You were not hungry.

You visited 1 branch of the dungeon, and saw 5 of its levels.

You collected 243 gold pieces.

Inventory:

Hand Weapons
 a - a +0 war axe (weapon)
 g - a +0 club
 l - a +0 short sword
 y - a cursed -3 hunting sling
Missiles
 h - 10 arrows
 k - 149 stones (quivered)
 p - 20 bolts
 v - 19 poisoned needles
 C - 12 sling bullets
Armour
 b - a +0 scale mail (worn)
 c - a +0 shield (worn)
 j - a +0 centaur barding
 t - a +0 pair of gloves (worn)
Jewellery
 e - a +1 ring of slaying {unknown}
 q - an amulet of guardian spirit (around neck)
 D - an uncursed ring of fire {unknown}
 H - an uncursed ring of protection from magic {unknown}
Wands
 n - a wand of flame (20)
Scrolls
 f - 2 scrolls of enchant weapon {unknown}
 i - 3 scrolls of identify
 m - a scroll of fear {unknown}
 o - 2 scrolls of fog {unknown}
 u - 2 scrolls of teleportation {unknown}
 w - a scroll of blinking {unknown}
 z - a scroll of remove curse {unknown}
 F - 2 scrolls of amnesia {unknown}
Potions
 d - a potion of might
 r - 2 potions of curing {unknown}
 s - a potion of agility {unknown}
 x - 2 potions of ambrosia {unknown}
 A - 2 potions of heal wounds {unknown}
 B - 2 potions of haste {unknown}
 E - a potion of mutation {unknown}
 G - 2 potions of flight {unknown}


   Skills:
 + Level 4.4 Fighting
 + Level 1.6 Short Blades
 + Level 5.5 Axes
 + Level 4.7 Armour
 + Level 1.5 Dodging
 + Level 4.8 Shields


You had 5 spell levels left.
You didn't know any spells.
Your spell library was empty.

Dungeon Overview and Level Annotations

Branches:
Dungeon (5/15)
 Temple: D:4-7

Altars:
Ashenzari
Elyvilon
Fedhas
Gozag

Annotations:
D:3 Grinder


Message History

The ogre is moderately wounded.
You block the gnoll's attack.
The crimson imp blinks!
The ogre hits you with a +0 giant club! The gnoll hits you but does no damage.
You are too injured to fight recklessly!
You are too injured to fight recklessly!
The crimson imp blinks!
The crimson imp blinks!
You see here a war axe.
There is a stone staircase leading up here.
You block the ogre's attack.
You climb upwards.
There is a stone staircase leading down here.
You slash the ogre!
The ogre is heavily wounded.
The ogre hits you with a +0 giant club!
* * * LOW HITPOINT WARNING * * *
The ogre hits you with a +0 giant club.
* * * LOW HITPOINT WARNING * * *
The ogre hits you with a +0 giant club!
You die...

##.#.#...##...###.....#
...#.....##...........#
.#####5..###..>.......#
.......#..............#
######.#.###..........#
#...# #..........#
##### #..........#
#...O......#
#....@.....#
#..........#
#..........#####
#..[...........#
##############.# #.##
#..# ##.###### #.......


You could see an ogre.

Vanquished Creatures
  An ice beast (D:3)
  A centaur zombie (D:5)
  Ijyb (D:3)
  4 worker ants
  A gnoll (D:5)
  6 adders
  An ooze (D:2)
  An adder zombie (D:5)
  A worm (D:3)
  A dart slug (D:3)
  7 leopard geckos
  An orc (D:4)
  3 ball pythons (D:1)
  3 bats
  5 giant cockroaches
  10 hobgoblins
  9 jackals
  11 kobolds
  A quokka (D:2)
  4 frilled lizards
  7 goblins
  4 rats
83 creatures vanquished.

Notes
Turn   | Place    | Note
-------+----------+-------------------------------------------
     0 | D:1      | Kahibar the Hill Orc Fighter began the quest for the Orb.
     0 | D:1      | Reached XP level 1. HP: 19/19 MP: 1/1
    94 | D:1      | Reached XP level 2. HP: 21/27 MP: 2/2
   200 | D:1      | Reached skill level 3 in Axes
   399 | D:1      | Reached XP level 3. HP: 24/33 MP: 3/3
  1152 | D:2      | Reached XP level 4. HP: 31/40 MP: 4/4
  1974 | D:3      | Noticed Ijyb
  2049 | D:3      | Killed Ijyb
  2049 | D:3      | Reached skill level 1 in Short Blades
  2049 | D:3      | Reached XP level 5. HP: 37/46 MP: 5/5
  2278 | D:3      | Found an opulent altar of Gozag.
  2439 | D:3      | Found a white marble altar of Elyvilon.
  2522 | D:3      | Found a blossoming altar of Fedhas.
  2522 | D:3      | Found a shattered altar of Ashenzari.
  2883 | D:4      | Noticed an ice beast
  2888 | D:4      | Reached skill level 4 in Axes
  2888 | D:4      | Reached skill level 1 in Dodging
  2954 | D:3      | Killed an ice beast
  2954 | D:3      | Reached XP level 6. HP: 28/52 MP: 6/6
  3482 | D:4      | Noticed Grinder
  3492 | D:4      | Paralysed by Grinder for 6 turns
  3502 | D:4      | Paralysed by Grinder for 7 turns
  3547 | D:3      | Paralysed by Grinder for 4 turns
  4127 | D:5      | Entered Level 5 of the Dungeon
  4248 | D:4      | Reached skill level 5 in Axes
  4854 | D:3      | Paralysed by Grinder for 5 turns
  4881 | D:3      | Paralysed by Grinder for 3 turns
  5374 | D:4      | Slain by an ogre

Skill      XL: |  1  2  3  4  5  6 |
---------------+-------------------+-----
Axes           | 3 4 5 |  5.5
Fighting       | 4 |  4.4
Shields        | 4 |  4.8
Armour         | 4 |  4.7
Short Blades   | 1 |  1.6
Dodging        | 1 |  1.5

Action                   |  1- 3 |  4- 6 || total
-------------------------+-------+-------++-------
Melee: War axe           |   103 |   121 ||   224
       Short sword       |    25 |   133 ||   158
  Use: Scroll            |       |     1 ||     1
  Eat: Ration            |       |     5 ||     5
Armor: Scale mail        |    58 |   137 ||   195
Dodge: Dodged            |    43 |    96 ||   139
Block: Shield            |    74 |   143 ||   217
